 Dungeon Crawl Stone Soup version 0.32-a0-938-g40ac7a0 (webtiles) character file.

Game seed: 3860030219778421065

27 Dorkslayer the Ruffian (level 3, -3/23 HPs)
             Began as an Octopode Shapeshifter on Apr 18, 2024.
             Slain by Sigmund
             ... wielding a +0 scythe
              (6 damage)
             ... on level 2 of the Dungeon.
             The game lasted 00:01:52 (1111 turns).

Dorkslayer the Ruffian (Octopode Shapeshifter)      Turns: 1111, Time: 00:01:53

Health: -3/23      AC:  1    Str: 15    XL:     3   Next: 10%
Magic:  3/3        EV:  7    Int: 12    God:
Gold:   91         SH: 12    Dex: 11    Spells: 2/2 levels left

rFire   . .          .
                       - Unarmed
rCold   . . .        g - +2 tower shield
rNeg    . . .        (helmet currently unavailable)
rPois   .            (no amulet)
rElec   .            (no ring)
rCorr   .            (no ring)
SInv    .            (no ring)
Will    .....        (no ring)
Stlth   ++           (no ring)
HPRegen 0.23/turn    (no ring)
MPRegen 0.08/turn    (no ring)
                     (no ring)

%: no passive effects
@: beast-form, invisible
A: beast (slay +1), almost no armour, amphibious, 8 rings, camouflage 1,
gelatinous body 1, (nimble swimmer 1), tentacles
a: Begin Untransformation


You were on level 2 of the Dungeon.
You were a hulking beast.
You visited 1 branch of the dungeon, and saw 2 of its levels.

You collected 91 gold pieces.

Inventory:

Armour
 g - a +2 tower shield (worn)
Talismans
 b - a beast talisman (active)
 c - a flux talisman
Potions
 a - a potion of lignification
 h - a potion of enlightenment {unknown}


   Skills:
 + Level 1.0 Fighting
 + Level 2.2 Dodging
 + Level 0.8 Stealth
 * Level 0.6 Shields
 * Level 3.5 Unarmed Combat
 + Level 3.1 Shapeshifting


You had 2 spell levels left.
You didn't know any spells.
Your spell library was empty.

Dungeon Overview and Level Annotations

Branches:
Dungeon (2/15)

Altars:

Annotations:
D:2 Sigmund


Innate Abilities, Weirdness & Mutations

You are a hulking beast.
Your limbs bulge with bestial killing power. (Slay +1)
You cannot wear most types of armour.
You are amphibious.
You can wear up to eight rings at the same time.
Your skin changes colour to match your surroundings (Stealth+).
Your rubbery body absorbs attacks. (AC +1, EV +1)
((You are camouflaged when in or above water. (Stealth+)))
You have tentacles for arms and can constrict up to eight enemies at once.


Message History

There is an open door here.
Done exploring.
There is an open door here.
You see here a bat skeleton.
There is a stone staircase leading down here.
You climb downwards.
Found 3 stones.
There is a stone staircase leading up here.
As you read the scroll labelled QEUTUS LOMEOFY, it crumbles to dust.
You assume a fearsome visage.
Sigmund looks frightened!
Sigmund shouts!
The rat looks frightened!
The rat squeaks loudly.
It was a scroll of fear.
Sigmund begs for mercy.
Sigmund gestures wildly while chanting.
Sigmund flickers and vanishes!
Deactivating autopickup; reactivate with Ctrl-A.
Unknown command.
As you read the scroll labelled POICHEEBB MUTH, it dissolves into smoke.
It was a scroll of fog.
Okay, then.
You hear a shout!
You hear an angry hiss.
Something hits you!
A kobold comes into view. It is wielding a +0 short sword.
A quokka comes into view.
Something hits you!
* * * LOW HITPOINT WARNING * * *
The kobold moves out of view.
The quokka bites you.
* * * LOW HITPOINT WARNING * * *
There is a stone staircase leading up here.
It was a potion of curing.
You feel better. Something hits you!
* * * LOW HITPOINT WARNING * * *
The quokka bites you.
* * * LOW HITPOINT WARNING * * *
It was a potion of invisibility.
You fade into invisibility!
You block the quokka's attack. Something hits you.
You die...

### #.# #.#
#.## #..# #..#
##§§##### ##.
##§§§§.....
....
#§h{§§.....
<.##
#§§§r§§...K.
...#
#§§§§§§..(.. #
#...........
............
.............
####..........
##........


You could see a quokka (unable to see you).

Vanquished Creatures
  2 ball pythons (D:1)
  5 bats (D:1)
  An endoplasm (D:1)
  3 giant cockroaches (D:1)
  2 goblins (D:1)
  3 hobgoblins (D:1)
  3 quokkas (D:1)
  A frilled lizard (D:1)
  2 kobolds (D:1)
22 creatures vanquished.

Notes
Turn   | Place    | Note
-------+----------+-------------------------------------------
     0 | D:1      | Dorkslayer the Octopode Shapeshifter began the quest for
                  | the Orb.
     0 | D:1      | Reached XP level 1. HP: 13/13 MP: 1/1
   129 | D:1      | Reached XP level 2. HP: 18/18 MP: 2/2
   208 | D:1      | You fall into a shaft and drop 1 floor!
   852 | D:1      | Reached XP level 3. HP: 22/23 MP: 3/3
  1099 | D:2      | Noticed Sigmund
  1111 | D:2      | Slain by Sigmund

Illustrated notes

Levels and vault maps discovered:
D:1:      dpeg_arrival_radiant, layout_basic, serial_rivers,
          chequers_serial_rivers_micro_e, chequers_serial_rivers_micro_b,
          chequers_serial_rivers_small_a, chequers_serial_rivers_small_b,
          chequers_serial_rivers_small_b, minmay_tromino_v4_b
D:2:      layout_rooms, uniq_sigmund

Action                     || total
---------------------------++-------
  Melee: Unarmed           ||    34
         Constrict         ||     5
         Tentacles         ||     4
         Punch             ||     1
    Use: Scroll            ||     2
         Potion            ||     2
   Stab: Sleeping          ||     7
 Armour: Skin              ||    22
  Dodge: Dodged            ||    11
  Block: Tower shield      ||    16

Table legend: (Time is in decaauts)
 A = Elapsed time spent in this place.
 B = Non-inter-level travel time spent in this place.
 C = Inter-level travel time spent in this place.
 D = Time resting spent in this place.
 E = Time spent auto-exploring this place.
 F = Levels seen in this place.
 G = Mean time per level.
                   A        B        C        D        E       F      G
               +--------+--------+--------+--------+--------+-----+--------+
         Total |   1119 |   1119 |      0 |      0 |    817 |   2 |  559.5 |
       Dungeon |   1119 |   1119 |      0 |      0 |    817 |   2 |  559.5 |
               +--------+--------+--------+--------+--------+-----+--------+

Top non-repeatable levels by time:
     D:1: 1104 daAuts
     D:2: 15 daAuts
